 Dungeon Crawl Stone Soup version 0.22-a0-525-gf69a080 (webtiles) character file.

9 kae the Insei (level 2, 0/21 HPs)
             Began as a Demonspawn Transmuter on June 20, 2018.
             Succumbed to a kobold's poison
             ... on level 1 of the Dungeon.
             The game lasted 00:00:13 (271 turns).

kae the Insei (Demonspawn Transmuter)                Turns: 271, Time: 00:00:14

Health: 0/21       AC:  2    Str: 10    XL:     2   Next: 3%
Magic:  4/5        EV: 12    Int: 19    God:
Gold:   21         SH:  0    Dex: 13    Spells: 4/5 levels left

rFire    . . .     SeeInvis .     - Unarmed
rCold    . . .     Gourm    .   (no shield)
rNeg     . . .     Faith    .   b - +0 robe
rPois    .         Spirit   .   (no helmet)
rElec    .         Reflect  .   (no cloak)
rCorr    .         Harm     .   (no gloves)
MR       .....                  (no boots)
Stlth    +.........             (no amulet)
HPRegen  0.07/turn              (no ring)
MPRegen  0.09/turn              (no ring)

@: brilliant, lethally poisoned (0 -> -9)
A: powered by pain 1
a: no special abilities


You were on level 1 of the Dungeon.
You were not hungry.

You visited 1 branch of the dungeon, and saw 1 of its levels.

You collected 21 gold pieces.

Inventory:

Missiles
 a - 12 arrows
Armour
 b - a +0 robe (worn)
Scrolls
 e - a scroll of identify {unknown}
Potions
 c - a potion of curing {unknown}
Comestibles
 d - 3 rations


   Skills:
 + Level 1.2 Fighting
 - Level 1.7 Dodging
 * Level 2.9 Unarmed Combat
 + Level 2.1 Spellcasting
 + Level 1.9 Transmutations


You had 4 spell levels left.
You knew the following spells:

 Your Spells              Type           Power        Failure   Level  Hunger
a - Beastly Appendage     Tmut           ###...       1%          1    #......

Your spell library contained the following spells:

 Spells                   Type           Power        Failure   Level  Hunger
 Spider Form              Tmut/Pois      ###.......   4%          3    ###....
 Blade Hands              Tmut           ###.......   21%         5    ######.
 Ice Form                 Ice/Tmut       ###.....     12%         4    #####..
 Sticks to Snakes         Tmut           ###.....     1%          2    ##.....


Dungeon Overview and Level Annotations

Branches:
Dungeon (1/15)

Altars:


Innate Abilities, Weirdness & Mutations

You sometimes gain a little power by taking damage.


Message History

There is a lethal amount of poison in your body!
* * * LOW HITPOINT WARNING * * *
You feel sick.
Things that are here:
an enchanted dagger; a kobold corpse
* * * LOW HITPOINT WARNING * * *
You feel sick.
* * * LOW HITPOINT WARNING * * *
You feel sick.
Found 4 gold pieces.
* * * LOW HITPOINT WARNING * * *
You feel sick.
* * * LOW HITPOINT WARNING * * *
You feel sick.
* * * LOW HITPOINT WARNING * * *
You feel sick.
You see here a blue potion.
c - a blue potion Your talons disappear.
You die...

#.# #..#
#................. #.#
#..###.................
#.#
.....................
##.. ..#
.#.................##
.... .$
#..[........#######
#### #.. ###.........#
...#
#..####+###########.#
...# ...........# #.#
...# #........@# #.#
...# #.........# #.#
...# #.........# #.#
##.# ##........# #.#
.#.# #...)....# #.#
<..# #.)......# #.#
#### #........#
#.###### .....#
##'#+##### #......#
.#.### #(..# ######.#


There were no monsters in sight!

Vanquished Creatures
  A dart slug (D:1)
  A goblin (D:1)
  A hobgoblin (D:1)
  2 kobolds (D:1)
  A rat (D:1)
6 creatures vanquished.

Notes
Turn   | Place    | Note
-------+----------+-------------------------------------------
     0 | D:1      | kae the Demonspawn Transmuter began the quest for the Orb.
     0 | D:1      | Reached XP level 1. HP: 15/15 MP: 3/3
   262 | D:1      | Gained mutation: You sometimes gain a little power by taking damage. [demonic ancestry]
   262 | D:1      | Reached XP level 2. HP: 9/21 MP: 3/5
   269 | D:1      | HP: 1/21 [poisoned by a kobold]
   271 | D:1      | Succumbed to a kobold's poison

Vault maps used:
D:1:      ebering_trefoil_twist

Action                   || total
-------------------------++-------
Melee: Unarmed           ||    16
       Kick              ||     3
 Cast: Beastly Appendage ||     3
  Use: Potion            ||     1
Armor: Robe              ||     2
Dodge: Dodged            ||     9

Table legend:
 A = Spawn XP
 B = Non-spawn XP
 C = Spawn XP percentage of total XP
 D = Spawn monster count
 E = Non-spawn monster count
 F = Spawn count percentage of total count
 G = Total turns spent on level
                    A         B        C        D         E        F      G
               +---------+---------+-------+---------+---------+-------+---------
         Total |       0 |      13 |   0.0 |       0 |       6 |   0.0 |   271
               +---------+---------+-------+---------+---------+-------+---------
           D:1 |       0 |      13 |   0.0 |       0 |       6 |   0.0 |   271
               +---------+---------+-------+---------+---------+-------+---------
